 Dungeon Crawl Stone Soup version 0.22.0-16-gc6d26f6 (webtiles) character file.

1486 dysrexia the Skirmisher (level 8, -3/67 HPs)
             Began as a Gnoll Abyssal Knight on Aug 17, 2018.
             Was an Elder of Lugonu.
             Slain by an ogre
             ... wielding a +0 giant spiked club
              (21 damage)
             ... on level 6 of the Dungeon.
             The game lasted 00:16:53 (5249 turns).

dysrexia the Skirmisher (Gnoll Abyssal Knight)      Turns: 5249, Time: 00:16:54

Health: -3/67      AC:  6    Str: 15    XL:     8   Next: 80%
Magic:  9/13       EV:  9    Int: 15    God:    Lugonu [****..]
Gold:   332        SH: 14    Dex: 16    Spells: 14/14 levels left

rFire    + . .     SeeInvis .   x - +2 mace (crush)
rCold    . . .     Gourm    .   e - +1 large shield
rNeg     . . .     Faith    .   k - +0 ring mail {rPois}
rPois    +         Spirit   .   (no helmet)
rElec    .         Reflect  .   A - scarf {repulsion}
rCorr    .         Harm     .   (no gloves)
MR       .....                  (no boots)
Stlth    +++.......             (no amulet)
HPRegen  0.21/turn              f - ring of protection from fire
MPRegen  0.13/turn              h - ring of stealth

@: repel missiles
A: distributed training, fangs 1, hooves 1, poison resistance, strong nose
a: Depart the Abyss, Bend Space, Banish, Corrupt, Renounce Religion


You were on level 6 of the Dungeon.
You worshipped Lugonu.
Lugonu was greatly pleased with you.
You were not hungry.

You visited 1 branch of the dungeon, and saw 6 of its levels.
You visited the Abyss 1 time.

You collected 332 gold pieces.

Inventory:

Hand Weapons
 v - a +0 morningstar
 x - a +2 mace of crushing (weapon)
Missiles
 p - 9 poisoned needles
Armour
 e - a +1 large shield (worn)
 k - a +0 ring mail of poison resistance (worn)
 r - a +0 cloak
 A - a scarf of repulsion (worn)
Jewellery
 f - a ring of protection from fire (left hand)
 h - a ring of stealth (right hand)
Wands
 b - a wand of enslavement (17)
 q - a wand of acid (8)
 y - a wand of paralysis (33)
Scrolls
 d - a scroll of remove curse
 i - a scroll of fear
 s - a scroll of teleportation
 B - a scroll of magic mapping
Potions
 a - a potion of lignification
 g - a potion of curing
 j - a potion of cancellation
 l - a potion of flight
 n - 3 potions of brilliance
 o - 3 potions of invisibility
 t - a potion of might
 u - a potion of heal wounds
 w - a potion of magic {unknown}
Comestibles
 c - 13 rations
 m - 3 chunks of flesh


   Skills:
 + Level 7.5 Fighting
 + Level 3.5 Short Blades
 + Level 3.5 Long Blades
 + Level 3.5 Axes
 + Level 5.8 Maces & Flails
 + Level 3.5 Polearms
 + Level 3.5 Staves
 + Level 3.5 Slings
 + Level 3.5 Bows
 + Level 3.5 Crossbows
 + Level 3.5 Throwing
 + Level 5.8 Armour
 + Level 4.4 Dodging
 + Level 3.5 Stealth
 + Level 3.5 Shields
 + Level 3.5 Unarmed Combat
 + Level 3.5 Spellcasting
 + Level 2.9 Conjurations
 + Level 2.9 Hexes
 + Level 2.9 Charms
 + Level 2.9 Summonings
 + Level 2.9 Necromancy
 + Level 2.9 Translocations
 + Level 2.9 Transmutations
 + Level 2.9 Fire Magic
 + Level 2.9 Ice Magic
 + Level 2.9 Air Magic
 + Level 2.9 Earth Magic
 + Level 2.9 Poison Magic
 + Level 6.1 Invocations
 + Level 3.5 Evocations


You had 14 spell levels left.
You didn't know any spells.
Your spell library was empty.

Dungeon Overview and Level Annotations

Branches:
Dungeon (6/15)
 Temple: D:4-7

Altars:

Shops:
D:5 *


Innate Abilities, Weirdness & Mutations

Your experience applies equally to all skills.
You have very sharp teeth.
Your uncanny sense of smell can sniff out nearby items.
You have large cloven feet.
Your system is resistant to poisons. (rPois)


Message History

The ogre is severely wounded.
The ogre hits you with a giant spiked club!!
* * * LOW HITPOINT WARNING * * *
Your shield prevents you from hitting the ogre.
The ogre is severely wounded.
You block the ogre's attack.
There is an open door here.
Press: ? - help, Shift-Dir - straight line, f - ogre
Aim: an ogre, wielding a giant spiked club (severely wounded, chance to defeat MR: 84%)
You fail to use your ability.
The ogre hits you with a giant spiked club.
* * * LOW HITPOINT WARNING * * *
Press: ? - help, Shift-Dir - straight line, f/p - ogre
Aim: an ogre, wielding a giant spiked club (severely wounded, chance to defeat MR: 84%)
You fail to use your ability.
Press: ? - help, Shift-Dir - straight line, f/p - ogre
Aim: an ogre, wielding a giant spiked club (severely wounded, chance to defeat MR: 84%)
The ogre barely resists.
You feel somewhat more hungry.
The ogre hits you with a giant spiked club!!
You die...

#....###.#######...#....
########.###..##...#....
#.)..#............#....
#....#............#....
#....#............#####
#....#............##..#
#######..###.###..##........
##..#..##'###.###..##........
#........)..@O.'.............
#..............#........#####
##..##...####.####'##...##..#
#####...########..##....#...
#.....#........#.....#...
#....รท#........#.....#...
##...[.#........#.....#)..
#.....####.###..##....#...
####### #####..##...##..#


You could see an ogre.

Vanquished Creatures
  2 sky beasts
  An ogre (D:5)
  A phantom (D:5)
  2 centaurs
  2 bullfrogs
  2 crimson imps
  A centaur zombie (D:6)
  A bullfrog zombie (D:5)
  An orc priest (D:3)
  3 hounds (D:5)
  3 orc wizards
  A bullfrog skeleton (D:2)
  Ijyb (D:4)
  4 worker ants
  9 gnolls
  8 adders
  2 oozes
  An adder skeleton (D:5)
  6 worms
  4 leopard geckos
  20 orcs
  4 giant cockroaches
  7 goblins
  7 hobgoblins
  4 jackals
  8 kobolds
  A quokka (D:5)
  A ball python (D:2)
  7 bats
  3 frilled lizards
  7 rats
124 creatures vanquished.

Vanquished Creatures (others)
  An ogre (D:5)
1 creature vanquished.

Grand Total: 125 creatures vanquished

Notes
Turn   | Place    | Note
-------+----------+-------------------------------------------
     0 | Abyss:1  | dysrexia the Gnoll Abyssal Knight began the quest for the Orb.
     0 | Abyss:1  | Reached XP level 1. HP: 23/23 MP: 3/3
     9 | D:1      | Escaped the Abyss
   157 | D:1      | Reached XP level 2. HP: 17/29 MP: 5/5
   420 | D:1      | Reached ** piety under Lugonu
   454 | D:1      | Reached XP level 3. HP: 34/35 MP: 6/6
  1150 | D:2      | Reached skill level 1 in Short Blades
  1150 | D:2      | Reached skill level 1 in Long Blades
  1150 | D:2      | Reached skill level 1 in Axes
  1150 | D:2      | Reached skill level 1 in Polearms
  1150 | D:2      | Reached skill level 1 in Staves
  1150 | D:2      | Reached skill level 1 in Slings
  1150 | D:2      | Reached skill level 1 in Bows
  1150 | D:2      | Reached skill level 1 in Crossbows
  1150 | D:2      | Reached skill level 1 in Throwing
  1150 | D:2      | Reached skill level 1 in Stealth
  1150 | D:2      | Reached skill level 1 in Shields
  1150 | D:2      | Reached skill level 1 in Unarmed Combat
  1150 | D:2      | Reached skill level 1 in Spellcasting
  1150 | D:2      | Reached skill level 1 in Evocations
  1222 | D:2      | Reached XP level 4. HP: 41/41 MP: 7/7
  1315 | D:2      | Reached skill level 1 in Conjurations
  1315 | D:2      | Reached skill level 1 in Hexes
  1315 | D:2      | Reached skill level 1 in Charms
  1315 | D:2      | Reached skill level 1 in Summonings
  1315 | D:2      | Reached skill level 1 in Necromancy
  1315 | D:2      | Reached skill level 1 in Translocations
  1315 | D:2      | Reached skill level 1 in Transmutations
  1315 | D:2      | Reached skill level 1 in Fire Magic
  1315 | D:2      | Reached skill level 1 in Ice Magic
  1315 | D:2      | Reached skill level 1 in Air Magic
  1315 | D:2      | Reached skill level 1 in Earth Magic
  1315 | D:2      | Reached skill level 1 in Poison Magic
  1761 | D:3      | Reached XP level 5. HP: 47/47 MP: 8/8
  1825 | D:3      | Reached *** piety under Lugonu
  2690 | D:3      | Reached skill level 5 in Invocations
  2690 | D:3      | Reached XP level 6. HP: 44/53 MP: 9/9
  2960 | D:3      | Reached skill level 5 in Maces & Flails
  2960 | D:3      | Reached skill level 5 in Armour
  3330 | D:4      | Noticed Ijyb
  3333 | D:4      | Paralysed by Ijyb for 5 turns
  3346 | D:4      | Killed Ijyb
  3408 | D:4      | Reached XP level 7. HP: 50/59 MP: 10/10
  3876 | D:5      | Entered Level 5 of the Dungeon
  3984 | D:5      | Reached skill level 7 in Fighting
  4000 | D:5      | Gained mutation: You have large cloven feet. [potion of mutation]
  4000 | D:5      | Gained mutation: Your system is resistant to poisons. (rPois) [potion of mutation]
  4267 | D:5      | Reached **** piety under Lugonu
  4278 | D:5      | Reached XP level 8. HP: 24/67 MP: 12/12
  4766 | D:5      | Found Ysishob's General Store.
  5249 | D:6      | Slain by an ogre

Skill      XL: |  1  2  3  4  5  6  7  8 |
---------------+-------------------------+-----
Short Blades   | 1 2 3 |  3.5
Long Blades    | 1 2 3 |  3.5
Axes           | 1 2 3 |  3.5
Polearms       | 1 2 3 |  3.5
Staves         | 1 2 3 |  3.5
Slings         | 1 2 3 |  3.5
Bows           | 1 2 3 |  3.5
Crossbows      | 1 2 3 |  3.5
Throwing       | 1 2 3 |  3.5
Stealth        | 1 2 3 |  3.5
Shields        | 1 2 3 |  3.5
Unarmed Combat | 1 2 3 |  3.5
Spellcasting   | 1 2 3 |  3.5
Evocations     | 1 2 3 |  3.5
Conjurations   | 1 2 |  2.9
Hexes          | 1 2 |  2.9
Charms         | 1 2 |  2.9
Summonings     | 1 2 |  2.9
Necromancy     | 1 2 |  2.9
Translocations | 1 2 |  2.9
Transmutations | 1 2 |  2.9
Fire Magic     | 1 2 |  2.9
Ice Magic      | 1 2 |  2.9
Air Magic      | 1 2 |  2.9
Earth Magic    | 1 2 |  2.9
Poison Magic   | 1 2 |  2.9
Dodging        | 3 4 |  4.4
Invocations    | 5 6 |  6.1
Maces & Flails | 5 |  5.8
Armour         | 5 |  5.8
Fighting       | 7 |  7.5

Action                   |  1- 3 |  4- 6 |  7- 9 || total
-------------------------+-------+-------+-------++-------
Melee: Mace              |    93 |   176 |   180 ||   449
       Bite              |    10 |    23 |    24 ||    57
       Morningstar       |       |    49 |       ||    49
       Kick              |       |       |    40 ||    40
Invok: Banish            |       |       |     2 ||     2
  Use: Scroll            |     2 |     2 |    11 ||    15
       Potion            |       |       |     3 ||     3
 Stab: Sleeping          |     3 |       |       ||     3
       Distracted        |       |       |     1 ||     1
  Eat: Chunk             |     1 |     7 |     7 ||    15
Armor: Leather armour    |     7 |       |       ||     7
       Ring mail         |    19 |    64 |    41 ||   124
Dodge: Dodged            |    29 |    53 |    50 ||   132
       Deflected         |       |       |     4 ||     4
Block: Large shield      |    41 |   148 |   118 ||   307
